 Dungeon Crawl Stone Soup version 0.23-a0-175-g97aacdb (webtiles) character file.

376 Amnesiac the Chiller (level 6, -1/41 HPs)
             Began as a Mummy Ice Elementalist on Sept 17, 2018.
             Was a Follower of Vehumet.
             Slain by an orc priest
             ... wielding a +0 short sword
              (2 damage)
             ... on level 5 of the Dungeon.
             The game lasted 00:06:55 (3204 turns).

Amnesiac the Chiller (Mummy Ice Elementalist)       Turns: 3204, Time: 00:06:55

Health: -1/41      AC:  2    Str: 11    XL:     6   Next: 44%
Magic:  7/13       EV: 12    Int: 17    God:    Vehumet [*.....]
Gold:   137        SH:  0    Dex: 12    Spells: 4/15 levels left

rFire    x . .     SeeInvis .   e - +2 dagger (flame)
rCold    + . .     Gourm    .   (no shield)
rNeg     + + +     Faith    .   a - +0 robe
rPois    ∞         Spirit   .   (no helmet)
rElec    .         Reflect  .   d - scarf {cloud immunity}
rCorr    .         Harm     .   (no gloves)
MR       .....     Rnd*Tele +   (no boots)
Stlth    ++........             (no amulet)
HPRegen  0.13/turn              f - ring of teleportation (curse)
MPRegen  0.13/turn              (no ring)

@: no status effects
A: no food or potions, fire vulnerability, cold resistance 1, negative energy
resistance 3, torment resistance, unbreathing
a: Renounce Religion


You were on level 5 of the Dungeon.
You worshipped Vehumet.
Vehumet was aware of your devotion.
You were not hungry.

You visited 2 branches of the dungeon, and saw 7 of its levels.

You collected 137 gold pieces.

Inventory:

Hand Weapons
 b - a +0 shortbow of flaming
 e - a +2 dagger of flaming (weapon)
Missiles
 g - 24 arrows
Armour
 a - a +0 robe (worn)
 c - a +1 leather armour of cold resistance
 d - a scarf of cloud immunity (worn)
Jewellery
 f - a cursed ring of teleportation (left hand)
Scrolls
 h - a scroll of magic mapping {!r}
 i - 2 scrolls of amnesia {!r}


   Skills:
 - Level 1.5 Dodging
 - Level 1.5 Stealth
 + Level 5.1 Spellcasting
 - Level 0.7 Conjurations
 * Level 5.2 Ice Magic


You had 4 spell levels left.
You knew the following spells:

 Your Spells              Type           Power        Failure   Level  Hunger
a - Freeze                Ice            ###.         1%          1    N/A
b - Throw Frost           Conj/Ice       ##....       6%          2    N/A
c - Flame Tongue          Conj/Fire      #....        12%         1    N/A
d - Throw Icicle          Conj/Ice       ##......     38%         4    N/A
z - Ozocubu's Armour      Chrm/Ice       ##......     14%         3    N/A

Your spell library contained the following spells:

 Spells                   Type           Power        Failure   Level  Hunger
 Throw Flame              Conj/Fire      #.....       19%         2    N/A
 Summon Ice Beast         Ice/Summ       ##......     43%         4    N/A

Dungeon Overview and Level Annotations

Branches:
Dungeon (6/15)             Temple (1/1) D:4

Altars:
Ashenzari
Cheibriados
Dithmenos
Elyvilon
Fedhas
Gozag
Kikubaaqudgha
Okawaru
Qazlal
Sif Muna
Vehumet
Wu Jian
Yredelemnul
The Shining One

Annotations:
D:4 Natasha


Innate Abilities, Weirdness & Mutations

You do not eat or drink.
Your flesh is vulnerable to fire.
You are immune to poison.
Your flesh is cold resistant. (rC+)
You are immune to negative energy. (rN+++)
You are immune to unholy pain and torment.
You can survive without breathing.


Message History

Aiming: Freeze (safe; 1% risk of failure)
Press: ? - help, Shift-Dir - straight line, f/p - centaur
Aim: a centaur (almost dead)
You freeze the centaur.
You kill the centaur!
Vehumet accepts your kill.
You feel your power returning.
Your Spellcasting skill increases to level 5!
The worker ant closely misses you.
Unknown command.
Really read
g - a scroll of fear {!r}?
As you read the scroll of fear {!r}, it crumbles to dust.
You assume a fearsome visage.
The leopard gecko looks frightened!
The crimson imp is unaffected.
The sky beast looks frightened!
The worker ant looks frightened!
The howler monkey looks frightened!
The orc looks frightened! x2; The orc wizard looks frightened!
The orc looks frightened!
An orc comes into view. It is wielding a hand axe.
The orc wizard gestures wildly while chanting.
The orc wizard blinks!
An orc wizard comes into view. It is wielding a dagger.
The crimson imp blinks!
Really read
b - a scroll of teleportation {!r}?
As you read the scroll of teleportation {!r}, it crumbles to dust.
You feel strangely unstable.
The orc wizard mumbles some strange words.
The orc wizard blinks!
An orc priest comes into view. It is wielding a short sword.
The orc wizard casts a spell.
The orc wizard blinks!
You close the door.
The orc wizard gestures wildly while chanting.
The orc wizard blinks!
Your icy armour cracks and falls away as you move.
Items here: (( ) † a runed shortbow; 24 arrows; a tomahawk; a centaur corpse
b - a runed shortbow;
g - 24 arrows The sky beast flickers out of sight!
Deactivating autopickup; reactivate with Ctrl-A.
Okay, then.
Casting: Freeze (safe; 1% risk of failure)
Confirm with . or Enter, or press ? or * to list all spells.
Aiming: Freeze (safe; 1% risk of failure)
Press: ? - help, Shift-Dir - straight line, f - crimson imp
Aim: a crimson imp You freeze the crimson imp.
The crimson imp is frozen!
The crimson imp is heavily wounded.
Your surroundings seem slightly different.
The crimson imp sputters.
The orc priest hits you with a short sword.
* * * LOW HITPOINT WARNING * * *
A howler monkey opens the door.
The orc hits you with a hand axe.
* * * LOW HITPOINT WARNING * * *
Unknown command.
Casting: Freeze (safe; 1% risk of failure)
Confirm with . or Enter, or press ? or * to list all spells.
Aiming: Freeze (safe; 1% risk of failure)
Press: ? - help, Shift-Dir - straight line, f - orc priest, p - crimson imp
Aim: an orc priest, wielding a short sword and wearing a chain mail You freeze the orc priest.
The orc priest is heavily wounded.
An orc wizard opens the door.
The orc priest hits you with a short sword.
You die...

############# ..........<.#
............#
..........o%#######
..................#
........†.........#
####...####.......# ###..
#...# #.....@o####..a...
........'h..(.5o.§.'o.o.o.
.......####.......####......
.....### #.......# ..l..
....># ..........$# ####
..... ...........#
..............
#....########## #....


You could see a howler monkey (fleeing), an orc priest, an orc wizard, a crimson
imp and 2 orcs.

Vanquished Creatures
  A centaur (D:5)
  2 hounds
  Natasha (twice) (D:4)
  A worker ant (D:4)
  A worker ant zombie (D:5)
  8 adders
  An ooze (D:3)
  4 worms
  A dart slug (D:2)
  3 leopard geckos
  2 orcs (D:4)
  4 giant cockroaches
  4 goblins
  7 hobgoblins
  2 jackals (D:3)
  A ball python (D:2)
  6 bats
  5 frilled lizards
  A jackal skeleton (D:5)
  8 kobolds
  10 rats
74 creatures vanquished.

Notes
Turn   | Place    | Note
-------+----------+-------------------------------------------
     0 | D:1      | Amnesiac the Mummy Ice Elementalist began the quest for the
                  | Orb.
     0 | D:1      | Reached XP level 1. HP: 13/13 MP: 4/4
   410 | D:1      | Reached XP level 2. HP: 18/19 MP: 3/5
   544 | D:2      | Learned a level 2 spell: Throw Frost
   710 | D:2      | Reached XP level 3. HP: 14/24 MP: 2/7
   717 | D:2      | Learned a level 3 spell: Ozocubu's Armour
  1066 | D:4      | Reached XP level 4. HP: 27/30 MP: 4/9
  1072 | D:4      | Learned a level 4 spell: Throw Icicle
  1154 | D:4      | Found a staircase to the Ecumenical Temple.
  1174 | Temple   | Entered the Ecumenical Temple
  1244 | Temple   | Became a worshipper of Vehumet
  1960 | D:2      | Reached XP level 5. HP: 30/35 MP: 4/11
  1962 | D:2      | Reached * piety under Vehumet
  1962 | D:2      | Offered knowledge of Flame Tongue by Vehumet.
  2008 | D:2      | Learned a level 1 spell: Flame Tongue
  2264 | D:2      | Found a faded altar of an unknown god.
  2633 | D:4      | Noticed Natasha
  2639 | D:4      | Killed Natasha
  2751 | D:4      | Noticed Natasha
  2770 | D:4      | Killed Natasha
  2830 | D:4      | Noticed Natasha
  3128 | D:3      | You fall through a shaft for 3 floors!
  3129 | D:6      | Noticed an orc warrior
  3143 | D:5      | Entered Level 5 of the Dungeon
  3154 | D:5      | Noticed a sky beast
  3158 | D:5      | Reached XP level 6. HP: 26/41 MP: 9/13
  3193 | D:5      | Offered knowledge of Throw Flame by Vehumet.
  3193 | D:5      | Reached skill level 5 in Ice Magic
  3197 | D:5      | Reached skill level 5 in Spellcasting
  3203 | D:5      | HP: 1/41 [orc/hand axe (4)]
  3204 | D:5      | Slain by an orc priest

Vault maps used:
D:1:      minmay_arrival_glassed_features, minmay_misc_feat_hallway
D:2:      first_ration, chequers_ecumenical_altar_simple, grunt_ministairs_1,
          minmay_joined_circles
D:4:      grunt_temple_overflow_order_and_chaos_2,
          minmay_temple_entry_butterflies, uniq_natasha
D:5:      nemelex_altar_shiori, portal_sewer_entry_b,
          nemelex_diamond_rough_becter
D:6:      nicolae_overflow_hidden_temple, uniq_menkaure, uniq_pikel
Temple:   jpeg_temple_clearing

Skill      XL: |  1  2  3  4  5  6 |
---------------+-------------------+-----
Spellcasting   | 3 4 5 |  5.1
Ice Magic      | 3 4 5 |  5.2
Dodging        | |  1.5
Stealth        | |  1.5
Conjurations   | |  0.7

Action                   |  1- 3 |  4- 6 || total
-------------------------+-------+-------++-------
Melee: Unarmed           |     6 |       ||     6
       Dagger            |       |    29 ||    29
 Cast: Freeze            |    45 |    93 ||   138
       Ozocubu's Armour  |       |     1 ||     1
  Use: Scroll            |       |    10 ||    10
 Stab: Sleeping          |       |     3 ||     3
Armor: Robe              |     6 |    24 ||    30
Dodge: Dodged            |    31 |    57 ||    88

Table legend:
 A = Non-vault XP
 B = Vault XP
 C = Vault XP percentage of total XP
 D = Non-vault monster count
 E = Vault monster count
 F = Vault count percentage of total count
                 A         B        C        D         E       F
            +---------+---------+-------+---------+---------+-------
      Total |     466 |      72 |  13.4 |      59 |      15 |  20.3
            +---------+---------+-------+---------+---------+-------
        D:1 |      28 |       3 |   9.7 |      18 |       2 |  10.0
        D:2 |      89 |      34 |  27.6 |      19 |      12 |  38.7
        D:3 |      32 |       0 |   0.0 |       9 |       0 |   0.0
        D:4 |     135 |      35 |  20.6 |       8 |       1 |  11.1
        D:5 |     182 |       0 |   0.0 |       5 |       0 |   0.0
            +---------+---------+-------+---------+---------+-------
